 Dungeon Crawl Stone Soup version 0.25.1-2-g60ff931df9 (webtiles) character file.

Game seed: 1563698204974085183

134057 Chiseanne the Devastator (level 16, -4/101 HPs)
             Began as a Demonspawn Wizard on Oct 10, 2020.
             Was a High Priest of Vehumet.
             Hit by a silver javelin thrown by a merfolk javelineer (5 damage)
             ... on level 3 of the Shoals on Oct 12, 2020.
             The game lasted 02:21:56 (35076 turns).

Chiseanne the Devastator (Demonspawn Wizard)       Turns: 35076, Time: 02:21:57

Health: -4/101     AC: 13    Str:  9    XL:     16   Next: 61%
Magic:  25/37      EV: 18    Int: 25    God:    Vehumet [*****.]
Gold:   1619       SH:  6    Dex: 12    Spells: 10/49 levels left

rFire    . . .     SeeInvis .   a - +0 staff of Battle
rCold    + . .     Gourm    .   y - +1 buckler
rNeg     . . .     Faith    .   O - +2 troll leather armour
rPois    +         Spirit   .   b - +2 hat
rElec    .         Reflect  .   v - +0 cloak
rCorr    .         Harm     .   F - +2 pair of gloves
MR       +....                  (boots unavailable)
Stlth    +.........             d - amulet of the acrobat
HPRegen  0.66/turn              r - ring of protection from cold
MPRegen  0.25/turn              Y - ring of poison resistance

@: agile
A: hooves 3, repulsion field 1, powered by pain 2, rot immunity
a: Renounce Religion


You were on level 3 of the Shoals.
You worshipped Vehumet.
Vehumet was extremely pleased with you.
You were not hungry.

You visited 5 branches of the dungeon, and saw 27 of its levels.

You collected 2906 gold pieces.
You spent 1287 gold pieces at shops.

Inventory:

Hand Weapons
 a - the +0 staff of Battle (weapon)
   (You acquired it on level 12 of the Dungeon)
 s - a +3 dagger of electrocution
 W - the +2 falchion "Araup" {drain, rElec Dex+4}
   (You bought it in a shop on level 13 of the Dungeon)

   A truly terrible weapon, it drains the life of those it strikes.
   It affects your dexterity (+4).
   It insulates you from electricity.
Missiles
 o - 11 curare-tipped darts
 B - 8 atropa-tipped darts
 C - 83 poisoned darts (quivered)
 G - 12 boomerangs
 N - 7 throwing nets
 P - 5 boomerangs of dispersal
Armour
 b - a +2 hat (worn)
 v - a +0 cloak (worn)
 y - a +1 buckler (worn)
 F - a +2 pair of gloves (worn)
 O - a +2 troll leather armour (worn)
Magical Staves
 D - an uncursed staff of fire
 I - an uncursed staff of poison {unknown}
Jewellery
 d - an amulet of the acrobat (around neck)
 l - an uncursed ring of flight
 m - an uncursed ring of protection from magic
 q - an uncursed amulet of magic regeneration
 r - a ring of protection from cold (left hand)
 w - a +6 ring of intelligence
 H - an uncursed ring of positive energy
 J - an uncursed amulet of regeneration
 M - an uncursed ring of see invisible
 V - an uncursed ring of protection from fire
 Y - a ring of poison resistance (right hand)
Wands
 f - a wand of enslavement (1)
 j - a wand of flame (45)
 E - a wand of acid (1)
 R - a wand of iceblast (21)
Scrolls
 c - 6 scrolls of magic mapping
 e - 18 scrolls of teleportation
 u - a scroll of blinking
 K - 3 scrolls of remove curse
 T - a scroll of fear
 U - 4 scrolls of fog
 X - 9 scrolls of identify
Potions
 g - a potion of magic {unknown}
 h - 4 potions of might
 i - 4 potions of lignification
 k - a potion of flight
 n - 5 potions of berserk rage
 p - 6 potions of haste
 t - a potion of cancellation {unknown}
 x - 5 potions of curing
 z - a potion of ambrosia
 L - 2 potions of heal wounds
 Z - a potion of stabbing
Miscellaneous
 S - a lightning rod (4/4)
Comestibles
 A - 4 chunks of flesh
 Q - 39 rations


   Skills:
 - Level 2.2 Fighting
 - Level 4.7 Armour
 - Level 1.7 Dodging
 - Level 1.7 Stealth
 - Level 5.0 Shields
 * Level 17.0 Spellcasting
 * Level 18.1 Conjurations
   Level 1.0 Summonings
 - Level 0.8 Translocations
 * Level 7.3 Ice Magic
 - Level 5.8 Air Magic
 - Level 5.0 Earth Magic


You had 10 spell levels left.
You knew the following spells:

 Your Spells              Type           Power        Failure   Level  Hunger
a - Magic Dart            Conj           ####         0%          1    None
b - Blink                 Tloc           N/A          3%          2    None
c - Passwall              Tmut/Erth      ####....     1%          2    None
d - Mephitic Cloud        Conj/Pois/Air  #######.     1%          3    None
e - Frozen Ramparts       Ice            ######       1%          3    None
f - Ignite Poison         Fire/Tmut/Pois ###.....     2%          3    None
g - Fireball              Conj/Fire      #######...   1%          5    None
h - Airstrike             Air            ######....   1%          4    None
i - Bolt of Magma         Conj/Fire/Erth ######....   1%          5    None
j - Lightning Bolt        Conj/Air       #######...   1%          5    None
k - Ozocubu's Refrigerat  Ice            ######....   7%          6    ####...

Your spell library contained the following spells:

 Spells                   Type           Power        Failure   Level  Hunger
 Conjure Ball Lightning   Conj/Air       #######...   1%          6    ####...
 Shock                    Conj/Air       ####         0%          1    None
 Conjure Flame            Conj/Fire      #######.     1%          3    None
 Static Discharge         Conj/Air       #######.     1%          3    None
 Iskenderun's Battlesphe  Conj/Chrm      #######.     1%          5    None
 Iron Shot                Conj/Erth      #######...   1%          6    ####...
 Orb of Destruction       Conj           ########..   1%          7    #####..
 Animate Skeleton         Necr           N/A          3%          1    None
 Beastly Appendage        Tmut           ###...       3%          1    None
 Pain                     Necr           ###.         3%          1    None
 Sting                    Tmut/Pois      ###.         3%          1    None
 Call Imp                 Summ           ####....     3%          2    None
 Slow                     Hex            ###.....     4%          2    None
 Gell's Gravitas          Tloc           ####......   7%          3    None
 Confusing Touch          Hex            ###.....     10%         3    None
 Spider Form              Tmut/Pois      ###.......   10%         3    None
 Vampiric Draining        Necr           ###.......   10%         3    None
 Petrify                  Tmut/Erth      ####....     11%         4    None
 Spellforged Servitor     Conj/Summ      #######...   13%         7    #####..
 Metabolic Englaciation   Hex/Ice        #####.....   19%         5    None
 Yara's Violent Unravell  Hex/Tmut       ###.......   22%         5    None
 Animate Dead             Necr           N/A          30%         4    None
 Agony                    Necr           ###.....     65%         5    None


Dungeon Overview and Level Annotations

Branches:
Dungeon (15/15)            Temple (1/1) D:5            Lair (6/6) D:11
 Shoals (3/4) Lair:4        Snake (0/4) Lair:2        Slime (0/5) Lair:6
    Orc (2/2) D:11            Elf (0/3) Orc:2        Vaults (0/5) D:14
 Depths (0/5) D:15

Altars:
Ashenzari
Cheibriados
Dithmenos
Elyvilon
Fedhas
Gozag
Hepliaklqana
Kikubaaqudgha
Makhleb
Nemelex Xobeh
Okawaru
Qazlal
Ru
Sif Muna
Trog
Uskayaw
Vehumet
Wu Jian
Xom
Yredelemnul
Zin
The Shining One
Beogh

Shops:
D:5 :   D:13 (??*   D:14 }   D:15 %   Orc:2 ===?(   Shoals:2 ?

Annotations:
D:4 3 runed translucent doors, Grinder; toph's ghost, amateur GrFi
D:6 exclusion: 2 doors
D:11 exclusion: ugly thing
Lair:1 exclusion: 2 oklob plants
Lair:2 2 runed translucent doors, nyroko's ghost, journeyman DsCj
Lair:3 exclusion: oklob plant
Shoals:1 Roxanne
Shoals:2 3 runed translucent doors, DerDa's ghost, journeyman MiMo
Abyss:1 Edmund


Innate Abilities, Weirdness & Mutations

You have hooves in place of feet.
You are surrounded by a mild repulsion field. (EV +2)
You sometimes gain power by taking damage.
You are immune to rotting.


Message History

The magic dart hits the merfolk javelineer.
The merfolk javelineer is moderately wounded.
The merfolk javelineer throws a silver javelin.
The silver javelin pierces through you!!
* * * LOW HITPOINT WARNING * * *
You focus on the pain.
You feel your power returning. The silver sears you!
* * * LOW HITPOINT WARNING * * *
Casting: Magic Dart (safe; 0% risk of failure)
Confirm with . or Enter, or press ? or * to list all spells.
Aiming: Magic Dart (safe; 0% risk of failure)
Press: ? - help, Shift-Dir - straight line, f/p - merfolk javelineer
Aim: a merfolk javelineer, wielding a +1 spear of venom, wearing a +0 leather armour and quivering 11 silver javelins (water, moderately wounded)
You feel a surge of power!
The magic dart hits the merfolk javelineer.
The merfolk javelineer is moderately wounded.
The merfolk javelineer throws a silver javelin.
The silver javelin pierces through you!
* * * LOW HITPOINT WARNING * * *
The silver sears you!
You die...

≈≈≈≈m≈≈.# #≈≈..
≈≈≈≈≈≈≈.##.≈P≈.
≈≈≈≈≈≈≈≈≈≈≈PP≈≈P
≈≈≈≈≈≈≈≈≈≈≈P≈≈P≈P..
≈≈≈≈≈≈≈≈≈)≈≈≈≈≈≈.c.
≈≈≈≈≈≈≈.)PPPPPPPPP.
≈≈≈≈≈≈.(.PPP≈PPPPPP#
≈≈≈≈≈≈.P@P*≈≈≈P≈≈PP#
≈≈≈≈≈≈...P.!≈≈≈≈P.P#
.≈≈.....###.≈.P≈.PP.
.........##..≈≈P..P.
.............≈≈≈≈P.≈
...........<≈≈≈≈≈)P≈
##.............≈PP≈P
#.....####....>≈≈≈P
....... ##)....≈≈≈


You could see a merfolk javelineer and a friendly battlesphere (wandering).

Vanquished Creatures
  Jorgrun (D:15)
  Rupert (Lair:3)
  Nessos (Orc:2)
  2 merfolk javelineers (Shoals:2)
  4 merfolk impalers
  9 hydras
  4 vault guards (D:14)
  3 merfolk avatars
  Erica (D:9)
  3 centaur warriors
  A death knight (D:15)
  2 merfolk aquamancers
  3 satyrs
  2 catoblepae (D:14)
  4 ogre magi
  Urug (Lair:1)
  14 two-headed ogres
  6 death yaks (Lair:6)
  A deep elf knight (D:14)
  Sonja (Lair:1)
  2 deep trolls (Orc:2)
  An unseen horror (D:14)
  4 sea snakes
  Pikel (D:9)
  A wizard (D:15)
  A wolf spider zombie (D:13)
  2 lindwurms (Lair:2)
  A necromancer (D:15)
  An orc knight (D:14)
  4 orc sorcerers
  4 ugly things
  17 fauns
  4 deep elf magi (D:15)
  4 manticores
  6 cyclopes
  3 centaur zombies
  9 elephants
  6 black mambas
  5 merfolk sirens (Shoals:2)
  Joseph (Lair:1)
  4 water nymphs
  3 gargoyles (D:14)
  26 spiny frogs
  A torpor snail (Lair:6)
  Maggie (D:6)
  5 rime drakes
  4 komodo dragons
  2 kobold demonologists (D:15)
  22 merfolk
  12 trolls
  A polar bear (shapeshifter) (D:15)
  3 hornets
  5 tyrant leeches (Lair:6)
  A wolf spider simulacrum (D:15)
  2 polar bears (Lair:1)
  25 blink frogs
  2 snapping turtles
  A harpy skeleton (D:15)
  2 dream sheep (Lair:6)
  9 hippogriffs
  4 slime creatures (D:14)
  A shadow (D:12)
  A spriggan (shapeshifter) (D:14)
  2 wyverns
  3 wraiths
  Eustachio (D:6)
  A vampire (D:11)
  50 yaks
  7 water elementals
  4 hogs (D:10)
  A human (D:10)
  4 steam dragons
  3 hungry ghosts
  6 vampire mosquitoes
  4 basilisks
  A soldier ant (D:10)
  13 orc warriors
  6 porcupines
  2 jellies (D:6)
  24 water moccasins
  4 black bears
  8 ice beasts
  A necrophage (D:12)
  5 sky beasts
  An eye of draining (D:15)
  10 centaurs
  7 wolves
  37 ogres
  20 crocodiles
  6 big kobolds
  Blork the orc (D:4)
  31 bullfrogs
  A gnoll sergeant (Orc:2)
  5 scorpions
  3 wights (D:11)
  4 howler monkeys
  2 electric eels (D:11)
  3 bullfrog zombies
  5 crimson imps
  16 orc wizards
  3 bullfrog skeletons
  14 orc priests
  5 centaur skeletons
  A gnoll shaman (D:8)
  7 hounds
  7 iguanas
  4 hell rats (Lair:4)
  11 worker ants
  A killer bee zombie (D:6)
  A howler monkey skeleton (D:8)
  A worker ant zombie (D:9)
  6 gnolls
  12 adders
  3 shadow imps
  5 oozes
  An adder skeleton (D:9)
  2 worms
  2 dart slugs
  6 leopard geckos
  82 orcs
  6 bats
  4 giant cockroaches
  6 goblins
  6 hobgoblins
  8 jackals
  A quokka (D:3)
  4 ball pythons
  4 frilled lizards
  A jackal skeleton (D:6)
  35 kobolds
  A leopard gecko zombie (D:5)
  A quokka skeleton (D:5)
  8 rats
  2 fungi (Lair:6)
  20 plants (Shoals:2)
861 creatures vanquished.

Vanquished Creatures (collateral kills)
  Prince Ribbit (D:6)
1 creature vanquished.

Vanquished Creatures (others)
  An unseen horror (D:13)
  An ugly thing (D:14)
  2 slaves (D:9)
  A hound (D:9)
  A hound zombie (D:9)
  2 gnolls
  A leopard gecko zombie (D:9)
  A bush (Lair:6)
  12 fungi (Lair:6)
  45 plants
67 creatures vanquished.

Grand Total: 929 creatures vanquished

Notes
Turn   | Place    | Note
-------+----------+-------------------------------------------
     0 | D:1      | Chiseanne the Demonspawn Wizard began the quest for the
                  | Orb.
     0 | D:1      | Reached XP level 1. HP: 13/13 MP: 4/4
   381 | D:1      | Gained mutation: You have large cloven feet. [demonic
                  | ancestry]
   381 | D:1      | Reached XP level 2. HP: 16/19 MP: 4/6
   563 | D:1      | Reached skill level 2 in Conjurations
   741 | D:1      | Gained mutation: You sometimes gain a little power by
                  | taking damage. [demonic ancestry]
   741 | D:1      | Reached XP level 3. HP: 18/24 MP: 1/8
   984 | D:1      | Learned a level 2 spell: Blink
   988 | D:1      | Learned a level 3 spell: Mephitic Cloud
  2251 | D:2      | Gained mutation: You are immune to rotting. [demonic
                  | ancestry]
  2251 | D:2      | Reached XP level 4. HP: 30/30 MP: 5/9
  2308 | D:2      | Found a glowing silver altar of Zin.
  2355 | D:2      | Found a bloodstained altar of Trog.
  2355 | D:2      | Found an opulent altar of Gozag.
  2359 | D:2      | Found a shimmering altar of Xom.
  2359 | D:2      | Found a shattered altar of Ashenzari.
  2359 | D:2      | Found a radiant altar of Vehumet.
  2631 | D:3      | Reached skill level 3 in Conjurations
  2977 | D:3      | Noticed a bullfrog
  2984 | D:3      | Killed a bullfrog
  2984 | D:3      | Gained mutation: You have hoof-like feet. [demonic
                  | ancestry]
  2984 | D:3      | Reached XP level 5. HP: 30/35 MP: 3/11
  3911 | D:4      | Noticed an ogre
  3974 | D:3      | Reached skill level 4 in Conjurations
  4120 | D:4      | Noticed Blork the orc
  4135 | D:4      | Killed Blork the orc
  4135 | D:4      | Reached skill level 5 in Spellcasting
  4135 | D:4      | Gained mutation: You have hooves in place of feet. [demonic
                  | ancestry]
  4135 | D:4      | Reached XP level 6. HP: 41/41 MP: 3/13
  4148 | D:4      | Reached skill level 1 in Air Magic
  4637 | D:4      | Noticed Grinder
  4784 | D:4      | Reached XP level 7. HP: 46/46 MP: 7/15
  5008 | D:4      | Found a sacrificial altar of Ru.
  5018 | D:4      | Found a basalt altar of Yredelemnul.
  5035 | D:4      | Reached skill level 5 in Conjurations
  5109 | D:4      | Found a runed translucent gate.
  5109 | D:4      | Found a runed translucent gate.
  5110 | D:4      | Found a runed translucent gate.
  5110 | D:4      | Noticed toph's ghost (amateur GrFi)
  5205 | D:5      | Entered Level 5 of the Dungeon
  5696 | D:5      | Found a staircase to the Ecumenical Temple.
  5705 | Temple   | Entered the Ecumenical Temple
  5809 | Temple   | Became a worshipper of Vehumet
  5851 | D:5      | Found Elamyur's Book Boutique.
  6238 | D:6      | Noticed Prince Ribbit
  6249 | D:6      | Killed Prince Ribbit
  6249 | D:6      | Reached XP level 8. HP: 38/52 MP: 14/17
  6348 | D:6      | Reached skill level 6 in Conjurations
  6574 | D:6      | Noticed Edmund
  6578 | D:6      | Noticed Maggie
  6585 | D:6      | Banished Edmund
  6612 | D:6      | Killed Maggie
  6759 | D:6      | Noticed Eustachio
  6814 | D:6      | Killed Eustachio
  7501 | D:6      | Noticed a cyclops
  7525 | D:6      | Killed a cyclops
  7525 | D:6      | Reached skill level 1 in Armour
  7525 | D:6      | Reached skill level 7 in Conjurations
  7525 | D:6      | Reached skill level 5 in Air Magic
  7525 | D:6      | Reached XP level 9. HP: 29/57 MP: 4/19
  8645 | D:7      | Found a bloodstained altar of Trog.
  8691 | D:7      | Reached * piety under Vehumet
  8691 | D:7      | Offered knowledge of Shock by Vehumet.
  9478 | D:8      | Reached skill level 8 in Conjurations
  9486 | D:8      | Noticed a white ugly thing
  9513 | D:8      | Killed a white ugly thing
 10005 | D:8      | Identified Sif Muna's Guide on Ashen Transmigration
 10052 | D:8      | Learned a level 2 spell: Passwall
 10171 | D:8      | Gained mutation: You sometimes gain power by taking damage.
                  | [demonic ancestry]
 10171 | D:8      | Reached XP level 10. HP: 64/64 MP: 17/22
 10212 | D:8      | Noticed a two-headed ogre
 10213 | D:8      | Reached skill level 1 in Fighting
 10236 | D:8      | Killed a two-headed ogre
 10570 | D:8      | Found a radiant altar of Vehumet.
 10577 | D:8      | Offered knowledge of Sandblast by Vehumet.
 10874 | D:8      | Reached ** piety under Vehumet
 11058 | D:9      | Noticed a cyclops
 11290 | D:9      | Killed a cyclops
 11290 | D:9      | Reached skill level 1 in Shields
 11290 | D:9      | Reached skill level 9 in Conjurations
 11871 | D:9      | Noticed Pikel
 11904 | D:9      | Killed Pikel
 12043 | D:8      | Offered knowledge of Frozen Ramparts by Vehumet.
 12271 | D:9      | Learned a level 3 spell: Frozen Ramparts
 12445 | D:9      | Noticed Erica
 12453 | D:9      | Killed Erica
 12455 | D:9      | Reached *** piety under Vehumet
 12799 | D:10     | Entered Level 10 of the Dungeon
 12803 | D:10     | Gained mutation: You are surrounded by a mild repulsion
                  | field. (EV +2) [demonic ancestry]
 12803 | D:10     | Reached XP level 11. HP: 72/72 MP: 19/24
 13316 | D:10     | Found a snail-covered altar of Cheibriados.
 13362 | D:10     | Reached skill level 10 in Conjurations
 14158 | D:11     | Offered knowledge of Ignite Poison by Vehumet.
 14449 | D:11     | Found a staircase to the Orcish Mines.
 14449 | D:11     | Noticed a two-headed ogre
 14475 | D:11     | Killed a two-headed ogre
 14475 | D:11     | Reached skill level 5 in Shields
 14475 | D:11     | Reached skill level 10 in Spellcasting
 14627 | D:11     | Found a staircase to the Lair.
 14675 | D:11     | Reached skill level 1 in Earth Magic
 15115 | D:11     | Reached **** piety under Vehumet
 15121 | D:11     | Learned a level 3 spell: Ignite Poison
 15127 | D:11     | Noticed a red ugly thing
 15155 | D:11     | Noticed a green ugly thing
 15191 | D:11     | Offered knowledge of Fireball by Vehumet.
 15198 | D:11     | Learned a level 5 spell: Fireball
 15641 | D:11     | Noticed a two-headed ogre
 15666 | D:11     | Killed a two-headed ogre
 16107 | D:12     | Reached skill level 11 in Conjurations
 16367 | D:12     | Reached ***** piety under Vehumet
 16380 | D:12     | Noticed a two-headed ogre
 16592 | D:12     | Killed a two-headed ogre
 16592 | D:12     | Offered knowledge of Spellforged Servitor by Vehumet.
 17075 | D:12     | Identified a scroll of acquirement
 17075 | D:12     | Acquired the +0 staff of Battle
 17076 | D:12     | Found the +0 staff of Battle
 17172 | D:12     | Reached XP level 12. HP: 78/78 MP: 21/26
 17691 | D:13     | Noticed a six-headed hydra
 17694 | D:13     | Killed a six-headed hydra
 17848 | D:13     | Reached skill level 5 in Earth Magic
 18041 | D:13     | Found Lienew's Assorted Antiques.
 18054 | D:13     | Bought a scroll of identify for 56 gold pieces
 18054 | D:13     | Bought a scroll of teleportation for 84 gold pieces
 18054 | D:13     | Bought an ichor-stained falchion for 224 gold pieces
 18056 | D:13     | Identified the +2 falchion "Araup" {drain, rElec Dex+4}
                  | (You bought it in a shop on level 13 of the Dungeon)
 18060 | D:13     | Found Daruizxi's Magic Scroll Shoppe.
 18074 | D:13     | Bought a scroll of noise for 13 gold pieces
 18074 | D:13     | Bought 2 scrolls of identify for 52 gold pieces
 18074 | D:13     | Bought a scroll of teleportation for 39 gold pieces
 18074 | D:13     | Bought a scroll of identify for 26 gold pieces
 18074 | D:13     | Bought a scroll of teleportation for 39 gold pieces
 18074 | D:13     | Bought a scroll of identify for 26 gold pieces
 18074 | D:13     | Bought a scroll of identify for 26 gold pieces
 18074 | D:13     | Bought a scroll of fog for 26 gold pieces
 18074 | D:13     | Bought a scroll of enchant armour for 97 gold pieces
 18109 | D:13     | Noticed a centaur warrior
 18132 | D:13     | Killed a centaur warrior
 18132 | D:13     | Reached skill level 12 in Conjurations
 18224 | D:13     | Found Ututsij's Magic Scroll Boutique.
 18232 | D:13     | Bought a scroll of identify for 28 gold pieces
 18232 | D:13     | Bought a scroll of identify for 28 gold pieces
 18232 | D:13     | Bought a scroll of identify for 28 gold pieces
 18316 | D:13     | Found Akakhu's Antique Weapon Emporium.
 18792 | D:14     | Noticed a two-headed ogre
 18797 | D:14     | Killed a two-headed ogre
 18800 | D:14     | Noticed a catoblepas
 19142 | D:14     | Killed a catoblepas
 19505 | D:14     | Found Ufi Ramo's Gadget Emporium.
 19531 | D:14     | Noticed a four-headed hydra
 19535 | D:14     | Killed a four-headed hydra
 20107 | D:14     | Reached skill level 13 in Conjurations
 20162 | D:14     | Noticed a catoblepas
 20166 | D:14     | Noticed a two-headed ogre
 20178 | D:14     | Killed a two-headed ogre
 20178 | D:14     | Reached XP level 13. HP: 52/84 MP: 8/29
 20740 | D:14     | Found a gate to the Vaults.
 21246 | D:15     | Entered Level 15 of the Dungeon
 21285 | D:15     | Offered knowledge of Airstrike by Vehumet.
 21456 | D:15     | Reached skill level 14 in Conjurations
 21508 | D:15     | Learned a level 4 spell: Airstrike
 21541 | D:15     | Noticed Jorgrun
 21546 | D:15     | Killed Jorgrun
 22246 | D:15     | Found a staircase to the Depths.
 22398 | D:15     | Found Ymoyxtoa's Food Emporium.
 22950 | Orc:1    | Entered Level 1 of the Orcish Mines
 23147 | D:14     | Bought a wand of digging (2) for 156 gold pieces
 23246 | Orc:1    | Paralysed by an orc sorcerer for 7 turns
 23260 | Orc:1    | Reached XP level 14. HP: 90/90 MP: 27/32
 23361 | Orc:1    | Found a roughly hewn altar of Beogh.
 23651 | Orc:1    | Found a roughly hewn altar of Beogh.
 23707 | Orc:2    | Entered Level 2 of the Orcish Mines
 23907 | Orc:2    | Reached skill level 15 in Conjurations
 23916 | Orc:2    | Offered knowledge of Lee's Rapid Deconstruction by Vehumet.
 24293 | Orc:2    | Found Affumam's Jewellery Emporium.
 24293 | Orc:2    | Found Yzovao's Magic Scroll Emporium.
 24298 | Orc:2    | Found Leof's Jewellery Shop.
 24301 | Orc:2    | Bought a scroll of magic mapping for 35 gold pieces
 24301 | Orc:2    | Bought a scroll of magic mapping for 35 gold pieces
 24304 | Orc:2    | Found Hoistrun's Weapon Boutique.
 24502 | Orc:2    | Found Ycoatz's Jewellery Shoppe.
 24727 | Orc:2    | Noticed Nessos
 24737 | Orc:2    | Killed Nessos
 24953 | Orc:2    | Found a staircase to the Elven Halls.
 25143 | Lair:1   | Entered Level 1 of the Lair of Beasts
 25185 | Lair:1   | Noticed Sonja
 25190 | Lair:1   | Killed Sonja
 25654 | Lair:1   | Reached skill level 15 in Spellcasting
 25802 | Lair:1   | Noticed Urug
 25815 | Lair:1   | Killed Urug
 25988 | Lair:1   | Noticed Joseph
 26001 | Lair:1   | Killed Joseph
 26045 | Lair:1   | Reached skill level 16 in Conjurations
 26500 | Lair:2   | Offered knowledge of Bolt of Magma by Vehumet.
 26507 | Lair:2   | Learned a level 5 spell: Bolt of Magma
 26641 | Lair:2   | You fall into a shaft and drop 2 floors!
 26972 | Lair:3   | Noticed Rupert
 26984 | Lair:3   | Killed Rupert
 26984 | Lair:3   | Reached XP level 15. HP: 33/95 MP: 22/34
 27475 | Lair:2   | Found a staircase to the Snake Pit.
 27917 | Lair:2   | Found a large runed translucent door.
 27917 | Lair:2   | Found a large runed translucent door.
 27921 | Lair:2   | Noticed nyroko's ghost (journeyman DsCj)
 28096 | Lair:2   | Identified Sif Muna's Compendium of Virous Lightness
 28104 | Lair:2   | Learned a level 5 spell: Lightning Bolt
 28979 | Lair:3   | Offered knowledge of Ozocubu's Refrigeration by Vehumet.
 28992 | Lair:3   | Learned a level 6 spell: Ozocubu's Refrigeration
 29806 | Lair:4   | Reached skill level 1 in Ice Magic
 29914 | Lair:4   | Found a staircase to the Shoals.
 30826 | Lair:6   | Entered Level 6 of the Lair of Beasts
 30837 | Lair:5   | Reached skill level 17 in Conjurations
 31304 | Lair:6   | Offered knowledge of Irradiate by Vehumet.
 32242 | Lair:6   | Found a staircase to the Slime Pits.
 32384 | Shoals:1 | Entered Level 1 of the Shoals
 32397 | Shoals:1 | Reached skill level 5 in Ice Magic
 32457 | Shoals:1 | Reached XP level 16. HP: 98/101 MP: 27/36
 32569 | Shoals:1 | Noticed Roxanne
 33340 | Shoals:2 | Found a runed translucent gate.
 33341 | Shoals:2 | Found a runed translucent gate.
 33341 | Shoals:2 | Noticed DerDa's ghost (journeyman MiMo)
 33342 | Shoals:2 | Found a runed translucent gate.
 34215 | Shoals:2 | Offered knowledge of Conjure Ball Lightning by Vehumet.
 34541 | Shoals:2 | Reached skill level 18 in Conjurations
 35013 | Shoals:2 | Found Aqufrumy's Magic Scroll Shop.
 35016 | Shoals:2 | Bought a scroll of fog for 30 gold pieces
 35016 | Shoals:2 | Bought a scroll of teleportation for 45 gold pieces
 35016 | Shoals:2 | Bought a scroll of fear for 52 gold pieces
 35016 | Shoals:2 | Bought a scroll of identify for 30 gold pieces
 35016 | Shoals:2 | Bought a scroll of enchant armour for 112 gold pieces
 35076 | Shoals:3 | HP: 1/101 [merfolk javelineer/silver javelin (15)]
 35076 | Shoals:3 | Hit by a silver javelin thrown by a merfolk javelineer

Illustrated notes

Levels and vault maps discovered:
D:1:      beargit_arrival_greenhouse, layout_rooms, minmay_tiny_reverse_x
D:2:      layout_loops_cross, first_ration, doesnt_xom_only_xom
D:3:      layout_rooms, corexii_hall_statues_l
D:4:      layout_loops_ring, yredelemnul_altar_generic,
          gammafunk_ghost_nasty_kobolds, nicolae_ru_path_of_blood, uniq_grinder,
          uniq_blork_the_orc
D:5:      layout_rooms, temple_fountains, serial_shops, nicolae_shop_stone,
          st_stairs_3, nemelex_spade_bored_becter
D:6:      cheibrodos_two_vegetables, layout_basic, uniq_eustachio, uniq_maggie,
          uniq_prince_ribbit1, uniq_edmund
D:7:      layout_gridville, trog_butcher_becter
D:8:      layout_cave_pods, basic_altar, grunt_potential
D:9:      layout_roguey, uniq_pikel, uniq_erica
D:10:     layout_long_grid, grunt_livestock, cheibriados_altar_1
D:11:     layout_gridville, erik_lair_island, orc_0_dummy
D:12:     layout_roguey [special_room_orc]
D:13:     layout_stronghold, serial_shops, kennysheep_mini_moat, shop, shop,
          nicolae_shop_overgrown_old_shop, drop_trap
D:14:     layout_small_grid, grunt_vaults_entry_fortified,
          minmay_misc_feat_rows, serial_shops, shop_fountains
D:15:     grunt_enter_depths_magical_seal, layout_basic, nicolae_water_bricks,
          serial_shops, shop, uniq_jorgrun
Temple:   kilobyte_greek_temple
Lair:1:   layout_layer_cave, cheibrodos_lair_lostbears, grunt_megastairs_3,
          minmay_lair_oklob_chamber, uniq_urug, uniq_sonja, uniq_joseph
Lair:2:   cheibrodos_lair_overgrown_chateau, layout_small_grid,
          minmay_snake_entry_six_corridors, ebering_ghost_disaster_area
Lair:3:   layout_cave_shapes, grunt_forest_stairs_basic, uniq_rupert
Lair:4:   layout_regular_city, elwin_shoals_entry_rocks, serial_bayou_pond_a
Lair:5:   layout_small_grid, ldierk_geyser
Lair:6:   minmay_lair_end_frog_pond, layout_regular_city,
          dpeg_slime_entry_corner
Shoals:1: layout_shoals, uniq_roxanne
Shoals:2: layout_shoals, serial_shops, nicolae_shop_behind_doors,
          ebering_ghost_davey_jones, nicolae_shoals_flooded_hall
Shoals:3: layout_shoals, serial_shops, shop
Orc:1:    layout_diamond_mine, basic_altar, mines2_david
Orc:2:    st_orc_open, layout_caves, serial_shops, shop, uniq_nessos

Skill      XL: |  1  2  3  4  5  6  7  8  9 10 11 12 13 14 15 16 |
---------------+-------------------------------------------------+-----
Conjurations   | 2 3 4 5 7 8 9 11 13 14 16 17 18 | 18.1
Spellcasting   | 4 5 6 7 8 9 10 12 14 15 16 17 | 17.0
Air Magic      | 2 3 5 |  5.8
Armour         | 1 4 |  4.7
Fighting       | 2 |  2.2
Shields        | 3 5 |  5.0
Earth Magic    | 3 5 |  5.0
Ice Magic      | 5 7 |  7.3
Dodging        | |  1.7
Stealth        | |  1.7
Summonings     | |  1.0
Translocations | |  0.8

Action                   |  1- 3 |  4- 6 |  7- 9 | 10-12 | 13-15 | 16-18 || total
-------------------------+-------+-------+-------+-------+-------+-------++-------
Melee: Dagger            |    42 |       |    66 |   341 |       |       ||   449
       Kick              |     8 |    15 |    19 |    71 |     1 |       ||   114
       Short sword       |     1 |    67 |    22 |       |       |       ||    90
       Long sword        |       |       |    10 |       |       |       ||    10
       Staff             |       |       |       |     2 |     2 |       ||     4
Throw: Dart              |       |    25 |    75 |    54 |       |       ||   154
       Stone             |       |       |     7 |       |       |       ||     7
       Javelin           |       |       |     4 |       |       |       ||     4
 Cast: Magic Dart        |    90 |    95 |   230 |   491 |  1048 |   153 ||  2107
       Mephitic Cloud    |       |    13 |    49 |    98 |    67 |    13 ||   240
       Blink             |       |     5 |    14 |    26 |    21 |     1 ||    67
       Fireball          |       |       |       |    32 |    39 |    59 ||   130
       Ignite Poison     |       |       |       |     1 |       |       ||     1
       Bolt of Magma     |       |       |       |       |     2 |    12 ||    14
       Airstrike         |       |       |       |       |       |     1 ||     1
Evoke: Wand              |       |       |     9 |    12 |    11 |       ||    32
  Use: Scroll            |     4 |     7 |    14 |    14 |     9 |     4 ||    52
       Potion            |       |       |       |     1 |       |       ||     1
 Stab: Confused          |       |     6 |     7 |    21 |       |       ||    34
       Sleeping          |       |     1 |       |       |       |       ||     1
  Eat: Chunk             |     4 |     5 |    16 |    27 |    33 |     6 ||    91
       Ration            |       |     1 |       |     3 |     1 |     1 ||     6
Armor: Robe              |    21 |    10 |     4 |       |       |       ||    35
       Acid dragon scale |       |       |    39 |   131 |    19 |       ||   189
       Troll leather arm |       |       |       |       |    71 |    29 ||   100
Dodge: Dodged            |    54 |    35 |   114 |   257 |   182 |    75 ||   717
Block: Buckler           |       |       |       |    97 |    95 |    27 ||   219
       Rpst.: Long sword |       |       |     7 |       |       |       ||     7
